 Dungeon Crawl Stone Soup version 0.25.1-1-g288607f5aa (webtiles) character file.

Game seed: 7040630218987285612

11 Kold the Insei (level 2, 0/18 HPs)
             Began as an Octopode Transmuter on July 25, 2020.
             Slain by a frilled lizard (3 damage)
             ... on level 1 of the Dungeon.
             The game lasted 00:00:22 (316 turns).

Kold the Insei (Octopode Transmuter)                 Turns: 316, Time: 00:00:22

Health: 0/18       AC:  1    Str:  9    XL:     2   Next: 29%
Magic:  4/5        EV: 13    Int: 15    God:
Gold:   6          SH:  0    Dex: 12    Spells: 4/5 levels left

rFire    . . .     SeeInvis .     - Unarmed
rCold    . . .     Gourm    .   (no shield)
rNeg     . . .     Faith    .   (helmet restricted)
rPois    .         Spirit   .   (no amulet)
rElec    .         Reflect  .   (no ring)
rCorr    .         Harm     .   (no ring)
MR       .....                  (no ring)
Stlth    ++........             (no ring)
HPRegen  0.06/turn              (no ring)
MPRegen  0.09/turn              (no ring)
                                (no ring)
                                (no ring)

@: appendage (expiring)
A: almost no armour, stealthy swim, amphibious, 8 rings, constrict 8, tentacle
spike 3, camouflage 1, gelatinous body 1
a: End Transformation


You were on level 1 of the Dungeon.
You were not hungry.
One of your tentacles had a temporary spike.
You visited 1 branch of the dungeon, and saw 1 of its levels.

You collected 6 gold pieces.

Inventory:

Missiles
 a - 12 arrows
Comestibles
 b - a chunk of flesh
 c - a ration


   Skills:
 - Level 1.0 Fighting
 - Level 2.0 Dodging
 + Level 3.4 Unarmed Combat
 - Level 2.2 Spellcasting
 + Level 2.0 Transmutations


You had 4 spell levels left.
You knew the following spells:

 Your Spells              Type           Power        Failure   Level  Hunger
a - Beastly Appendage     Tmut           #.....       10%         1    #......

Your spell library contained the following spells:

 Spells                   Type           Power        Failure   Level  Hunger
 Sticks to Snakes         Tmut           #.......     14%         2    ###....
 Spider Form              Tmut/Pois      #.........   41%         3    ###....
 Ice Form                 Ice/Tmut       #.......     82%         4    #####..
 Blade Hands              Tmut           #.........   95%         5    ######.


Dungeon Overview and Level Annotations

Branches:
Dungeon (1/15)

Altars:


Innate Abilities, Weirdness & Mutations

You cannot wear most types of armour.
You are very stealthy in the water. (Stealth+)
You are amphibious.
You can wear up to eight rings at the same time.
You can use your tentacles to constrict eight enemies at once.
Your skin changes colour to match your surroundings (Stealth+).
Your rubbery body absorbs attacks. (AC +1, EV +1)
One of your tentacles bears a large vicious spike.


Message History

You constrict the jackal, but do no damage.
The jackal bites you. x2
You barely miss the jackal.
You pierce the jackal.
Your squeeze misses the jackal.
The jackal is heavily wounded.
You constrict the jackal. The jackal bites you.
* * * LOW HITPOINT WARNING * * *
You tentacle-slap the jackal but do no damage.
The jackal is severely wounded.
You constrict the jackal. The jackal barely misses you.
You tentacle-slap the jackal.
You kill the jackal!
You closely miss the frilled lizard. Your grab misses the frilled lizard.
Your transformation is almost over.
The frilled lizard barely misses you.
You tentacle-slap the frilled lizard.
You kill the frilled lizard!
You closely miss the frilled lizard. Your grab misses the frilled lizard.
The frilled lizard bites you.
You die...

... .. #..#.##
#..... #....####
....... #. ..$.#
.#...####...#
.......l@...##
......g###...#
#......+.....#
#......#.#.#.###
#......#.#.....+
#####... #.#####
## #..# #....#
P# ##. #....#
≈#### # #....#


You could see a goblin and a frilled lizard.

Vanquished Creatures
  3 hobgoblins (D:1)
  4 jackals (D:1)
  A bat (D:1)
  A frilled lizard (D:1)
  A rat (D:1)
10 creatures vanquished.

Notes
Turn   | Place    | Note
-------+----------+-------------------------------------------
     0 | D:1      | Kold the Octopode Transmuter began the quest for the Orb.
     0 | D:1      | Reached XP level 1. HP: 13/13 MP: 3/3
   301 | D:1      | Reached XP level 2. HP: 18/18 MP: 5/5
   316 | D:1      | Slain by a frilled lizard

Illustrated notes

Levels and vault maps discovered:
D:1:      tarquinn_simple_flora_water_e, layout_basic, minmay_close_crescents

Action                   || total
-------------------------++-------
Melee: Unarmed           ||    26
       Constrict         ||     8
       Kick              ||     4
       Tentacles         ||     3
 Cast: Beastly Appendage ||     3
Armor: Skin              ||     1
Dodge: Dodged            ||    16
